 Dungeon Crawl Stone Soup version 0.28.0-43-g3370ac3207 (webtiles) character file.

Game seed: 11609856992607943450

795 Ablot the Grasshopper (level 7, -1/56 HPs)
             Began as a Gnoll Warper on Mar 2, 2022.
             Was a Follower of Okawaru.
             Slain by an ufetubus (4 damage)
             ... on level 6 of the Dungeon.
             The game lasted 00:09:13 (5548 turns).

Ablot the Grasshopper (Gnoll Warper)                Turns: 5548, Time: 00:09:14

Health: -1/56      AC:  5    Str: 16    XL:     7   Next: 89%
Magic:  12/15      EV: 13    Int: 12    God:    Okawaru [*.....]
Gold:   89         SH:  0    Dex: 11    Spells: 15/17 levels left

rFire   . . .      SeeInvis .   a - +0 trident
rCold   . . .      Faith    .   (no shield)
rNeg    . . .      Spirit   .   b - +2 leather armour {rC+}
rPois   +          Reflect  .   (no helmet)
rElec   .          Harm     .   (no cloak)
rCorr   +          Rampage  .   (no gloves)
Will    .....                   (no boots)
Stlth   ++........              (no amulet)
HPRegen 0.18/turn               J - ring of Yesterday {Fly rPois rC- rCorr Str+3}
MPRegen 0.14/turn               M - +4 ring of slaying

@: on blink cooldown, flying
A: fangs 1, strong nose, distributed training
a: Renounce Religion, Heroism


You were on level 6 of the Dungeon.
You worshipped Okawaru.
Okawaru was aware of your devotion.
You visited 2 branches of the dungeon, and saw 7 of its levels.

You collected 245 gold pieces.
You spent 156 gold pieces at shops.

Inventory:

Hand Weapons
 a - a +0 trident (weapon)
 n - a +1 dagger of venom
Missiles
 d - 5 boomerangs of dispersal
 e - 109 stones
 r - 5 boomerangs (quivered)
 v - 44 bolts
 w - 5 curare-tipped darts
 B - 10 sling bullets
 C - 44 arrows
 I - 2 silver boomerangs
 L - 2 poisoned darts
Armour
 b - a +2 leather armour of cold resistance (worn)
 E - an orb of energy
Magical Staves
 y - a staff of earth
Jewellery
 h - a ring of positive energy
 m - a ring of see invisible
 o - a ring of protection from fire
 p - a ring of willpower
 J - the ring of Yesterday (left hand) {Fly rPois rC- rCorr Str+3}
   (You found it on level 5 of the Dungeon)

   [ring of flight]

   Str:       It affects your strength (+3).
   rC:        It makes you vulnerable to cold.
   rPois:     It protects you from poison.
   Fly:       It grants you flight.
   rCorr:     It protects you from acid and corrosion.
 M - a +4 ring of slaying (right hand)
Wands
 K - a wand of acid (5)
Scrolls
 c - 2 scrolls of blinking
 f - a scroll of enchant weapon {unknown}
 i - a scroll of amnesia {unknown}
 k - 6 scrolls of identify
 s - a scroll of summoning {unknown}
 t - 3 scrolls of teleportation
 u - 2 scrolls of magic mapping
 A - a scroll of vulnerability {unknown}
Potions
 g - 4 potions of curing
 j - 2 potions of mutation {unknown}
 l - a potion of lignification {unknown}
 q - a potion of haste {unknown}
 x - a potion of flight {unknown}
 z - 3 potions of might {unknown}
 D - a potion of brilliance {unknown}
 F - a potion of heal wounds {unknown}
 G - a potion of degeneration {unknown}
 H - a potion of attraction {unknown}


   Skills:
 + Level 5.4 Fighting
 + Level 2.7 Short Blades
 + Level 2.7 Long Blades
 + Level 2.7 Axes
 + Level 2.7 Maces & Flails
 + Level 5.4 Polearms
 + Level 2.7 Staves
 + Level 2.7 Slings
 + Level 2.7 Bows
 + Level 2.7 Crossbows
 + Level 3.8 Throwing
 + Level 3.8 Armour
 + Level 5.4 Dodging
 + Level 2.7 Stealth
 + Level 2.7 Shields
 + Level 2.7 Unarmed Combat
 + Level 5.7 Spellcasting
 + Level 2.2 Conjurations
 + Level 2.2 Hexes
 + Level 2.2 Summonings
 + Level 2.2 Necromancy
 + Level 5.9 Translocations
 + Level 2.2 Transmutations
 + Level 2.2 Fire Magic
 + Level 2.2 Ice Magic
 + Level 2.2 Air Magic
 + Level 2.2 Earth Magic
 + Level 2.2 Poison Magic
 + Level 3.0 Invocations
 + Level 2.7 Evocations


You had 15 spell levels left.
You knew the following spells:

 Your Spells              Type           Power      Damage    Failure   Level
a - Blink                 Tloc           34%        N/A       3%          2

Your spell library contained the following spells:

 Spells                   Type           Power      Damage    Failure   Level
 Gell's Gravitas          Tloc           17%        N/A       6%          3
 Lesser Beckoning         Tloc           17%        N/A       6%          3
 Teleport Other           Tloc           17%        N/A       6%          3
 Magic Dart               Conj           32%        1d4       9%          1
 Mephitic Cloud           Conj/Pois/Air  8%         N/A       26%         3
 Manifold Assault         Tloc           17%        N/A       47%         5
 Airstrike                Air            4%         N/A       65%         4
 Lightning Bolt           Conj/Air       4%         1d15      94%         5
 Call Imp                 Summ           Unusable   N/A       N/A         2
 Summon Lightning Spire   Summ/Air       Unusable   N/A       N/A         4

Dungeon Overview and Level Annotations

Branches:
Dungeon (6/15)             Temple (1/1) D:4

Altars:
Ashenzari
Cheibriados
Dithmenos
Elyvilon
Fedhas
Gozag
Kikubaaqudgha
Makhleb
Okawaru
Qazlal
Ru
Sif Muna
Trog
Uskayaw
Vehumet
Yredelemnul
Zin
The Shining One

Shops:
D:1 !   D:3 ?   D:5 :


Innate Abilities, Weirdness & Mutations

You have very sharp teeth.
Your uncanny sense of smell can sniff out nearby items.
Your experience applies equally to all skills.


Message History

The bullfrog misses you.
You barely miss the bullfrog. Your bite misses the bullfrog.
The bullfrog is lightly wounded.
The ufetubus barely misses you. x2; The bullfrog hits you.
* * * LOW HITPOINT WARNING * * *
The ufetubus misses you. x2
Unknown command.
You're wearing all the rings you can.
Remove which one? (? for menu, Esc to cancel) < or
J - the ring of Yesterday {Fly rPois rC- rCorr Str+3} > or
p - a ring of willpower You remove your ring of willpower.
The bullfrog barely misses you.
M - a +4 ring of slaying (right hand)
The ufetubus closely misses you.
The ufetubus hits you but does no damage.
The bullfrog completely misses you.
Unknown command.
You hit the bullfrog.
The bullfrog is heavily wounded.
The ufetubus closely misses you. x2; The bullfrog misses you.
The ufetubus closely misses you.
The ufetubus hits you but does no damage.
Unknown command.
You closely miss the bullfrog. Your bite misses the bullfrog.
The bullfrog is heavily wounded.
You feel stable enough to blink again. The bullfrog hits you.
* * * LOW HITPOINT WARNING * * *
The ufetubus hits you.
* * * LOW HITPOINT WARNING * * *
The ufetubus barely misses you. The bullfrog misses you.
Casting: Blink (safe; 3% risk of failure)
Confirm with . or Enter, or press ? or * to list all spells.
You blink.
The ufetubus misses you. The ufetubus closely misses you.
The bullfrog closely misses you.
The ufetubus hits you but does no damage. x2
You hit the bullfrog. You bite the bullfrog.
The bullfrog is severely wounded.
The bullfrog barely misses you. The ufetubus hits you.
You die...

##...........#
#............##
###............#### .
#........<........# ..
#.................#...
........................
........................
.............5..........
............@F...##....#
.................# ...##
......................#
....#.##.............##
...####.............##
..? ##.............#
#..........##..
........#..# ..


You could see a bullfrog and an ufetubus.

Vanquished Creatures
  Eustachio (D:4)
  A sky beast (D:5)
  A necrophage (D:4)
  An ogre (D:4)
  A water moccasin skeleton (D:4)
  A hound (D:5)
  An iguana (D:4)
  A scorpion zombie (D:5)
  2 orc wizards (D:5)
  A hound zombie (D:5)
  A hound skeleton (D:5)
  A howler monkey zombie (D:6)
  8 adders
  An ufetubus (D:5)
  An adder skeleton (D:4)
  2 worms (D:3)
  3 dart slugs
  10 orcs
  3 ball pythons
  7 endoplasms
  4 giant cockroaches
  3 goblins
  5 hobgoblins
  11 jackals
  3 kobolds
  4 quokkas
  6 bats
  3 rats
  A spectral goblin (D:1)
88 creatures vanquished.

Notes
Turn   | Place    | Note
-------+----------+-------------------------------------------
     0 | D:1      | Ablot the Gnoll Warper began the quest for the Orb.
     0 | D:1      | Reached XP level 1. HP: 20/20 MP: 6/6
   295 | D:1      | Reached XP level 2. HP: 26/26 MP: 7/7
   298 | D:1      | Learned a level 2 spell: Blink
   356 | D:1      | Found Haoscheti's Distillery.
   615 | D:1      | Found a faded altar of an unknown god.
  1346 | D:2      | Reached XP level 3. HP: 31/31 MP: 9/9
  1354 | D:2      | Reached skill level 5 in Spellcasting
  1654 | D:2      | Reached skill level 1 in Invocations
  2064 | D:3      | Reached skill level 1 in Short Blades
  2064 | D:3      | Reached skill level 1 in Long Blades
  2064 | D:3      | Reached skill level 1 in Axes
  2064 | D:3      | Reached skill level 1 in Maces & Flails
  2064 | D:3      | Reached skill level 1 in Staves
  2064 | D:3      | Reached skill level 1 in Slings
  2064 | D:3      | Reached skill level 1 in Bows
  2064 | D:3      | Reached skill level 1 in Crossbows
  2064 | D:3      | Reached skill level 1 in Stealth
  2064 | D:3      | Reached skill level 1 in Shields
  2064 | D:3      | Reached skill level 1 in Unarmed Combat
  2064 | D:3      | Reached skill level 1 in Evocations
  2078 | D:3      | Reached XP level 4. HP: 19/38 MP: 11/11
  2088 | D:3      | Found Kumiow's Magic Scroll Shoppe.
  2462 | D:3      | Bought a scroll of identify for 24 gold pieces
  2462 | D:3      | Bought a scroll of teleportation for 36 gold pieces
  2462 | D:3      | Bought a scroll of noise for 12 gold pieces
  2462 | D:3      | Bought a scroll of magic mapping for 42 gold pieces
  2546 | D:1      | Bought a potion of curing for 42 gold pieces
  2949 | D:3      | Reached skill level 1 in Conjurations
  2949 | D:3      | Reached skill level 1 in Hexes
  2949 | D:3      | Reached skill level 1 in Summonings
  2949 | D:3      | Reached skill level 1 in Necromancy
  2949 | D:3      | Reached skill level 1 in Transmutations
  2949 | D:3      | Reached skill level 1 in Fire Magic
  2949 | D:3      | Reached skill level 1 in Ice Magic
  2949 | D:3      | Reached skill level 1 in Air Magic
  2949 | D:3      | Reached skill level 1 in Earth Magic
  2949 | D:3      | Reached skill level 1 in Poison Magic
  3006 | D:4      | Noticed a necrophage
  3006 | D:4      | Found a blossoming altar of Fedhas.
  3007 | D:4      | Noticed an ogre
  3163 | D:4      | Reached XP level 5. HP: 32/39 MP: 12/12
  3227 | D:4      | Noticed Eustachio
  3261 | D:4      | Killed Eustachio
  3262 | D:4      | Reached XP level 6. HP: 14/50 MP: 13/13
  3376 | D:4      | Reached skill level 5 in Fighting
  3376 | D:4      | Reached skill level 5 in Polearms
  3376 | D:4      | Reached skill level 5 in Dodging
  3387 | D:4      | Found a staircase to the Ecumenical Temple.
  3619 | Temple   | Entered the Ecumenical Temple
  3783 | Temple   | Became a worshipper of Warmaster Okawaru
  4105 | D:4      | Killed a necrophage
  4106 | D:4      | Reached XP level 7. HP: 56/56 MP: 12/15
  4183 | D:5      | Entered Level 5 of the Dungeon
  4397 | D:5      | Found Tihetof's Book Emporium.
  4657 | D:5      | Reached * piety under Okawaru
  4668 | D:5      | Identified the ring of Yesterday {Fly rPois rC- rCorr
                  | Str+3}
  5307 | D:5      | Found a shimmering blue altar of Sif Muna.
  5548 | D:6      | Slain by an ufetubus

Illustrated notes

Levels and vault maps discovered:
D:1:      minmay_arrival_semitransparent, layout_loops_cross, serial_shops,
          nicolae_shop_crystal, dreamdust_ecumenical_altar_drowned_temple
D:2:      layout_loops_cross, ebering_dispersal_statue_hall
D:3:      layout_rooms, serial_shops, nicolae_shop_crystal
D:4:      layout_rooms, mainiacjoe_overflow_chevrons, temple_doors_e,
          uniq_eustachio
D:5:      layout_basic, nicolae_sif_muna_little_library, serial_shops,
          nicolae_shop_hallway_plus, chequers_jeans, guppyfry_early_lair_pool
D:6:      layout_cave_pools, uniq_sigmund
Temple:   eino_temple_rhombus

Skill      XL: |  1  2  3  4  5  6  7 |
---------------+----------------------+-----
Spellcasting   | 5 |  5.7
Invocations    | 1 2 3 |  3.0
Short Blades   | 1 2 |  2.7
Long Blades    | 1 2 |  2.7
Axes           | 1 2 |  2.7
Maces & Flails | 1 2 |  2.7
Staves         | 1 2 |  2.7
Slings         | 1 2 |  2.7
Bows           | 1 2 |  2.7
Crossbows      | 1 2 |  2.7
Stealth        | 1 2 |  2.7
Shields        | 1 2 |  2.7
Unarmed Combat | 1 2 |  2.7
Evocations     | 1 2 |  2.7
Conjurations   | 1 2 |  2.2
Hexes          | 1 2 |  2.2
Summonings     | 1 2 |  2.2
Necromancy     | 1 2 |  2.2
Transmutations | 1 2 |  2.2
Fire Magic     | 1 2 |  2.2
Ice Magic      | 1 2 |  2.2
Air Magic      | 1 2 |  2.2
Earth Magic    | 1 2 |  2.2
Poison Magic   | 1 2 |  2.2
Throwing       | 3 |  3.8
Armour         | 3 |  3.8
Fighting       | 5 |  5.4
Polearms       | 5 |  5.4
Dodging        | 5 |  5.4
Translocations | |  5.9

Action                   |  1- 3 |  4- 6 |  7- 9 || total
-------------------------+-------+-------+-------++-------
Melee: Spear             |    58 |       |       ||    58
       Bite              |    11 |    19 |    20 ||    50
       Dagger            |    48 |   133 |   143 ||   324
       Punch             |     2 |     2 |     2 ||     6
       Trident           |       |       |    26 ||    26
Throw: Boomerang         |       |    10 |       ||    10
 Cast: Blink             |       |     4 |     2 ||     6
 Stab: Sleeping          |       |       |     2 ||     2
Armor: Leather armour    |    29 |    29 |    49 ||   107
Dodge: Dodged            |    51 |    79 |   141 ||   271
